 Dungeon Crawl Stone Soup version 0.17-a0-1596-g1e86911 (webtiles) character file.

81 karlkraus the Shield-Bearer (level 4, -2/40 HPs)
             Began as a Minotaur Fighter on July 30, 2015.
             Slain by a wight
             ... wielding a +1 dire flail of freezing
              (5 damage)
             ... on level 2 of the Dungeon.
             The game lasted 00:03:03 (1318 turns).

karlkraus the Shield-Bearer (Minotaur Fighter)      Turns: 1318, Time: 00:03:03

Health: -2/40      AC: 10    Str: 22    XL:     4   Next: 20%
Magic:  3/3        EV:  5    Int:  5    God:
Gold:   51         SH:  9    Dex:  9    Spells: 0 memorised, 3 levels left

rFire  . . .     SeeInvis .     f - -1 mace (curse)
rCold  . . .     Clarity  .     j - +0 chain mail
rNeg   . . .     SustAt   .     c - +0 shield
rPois  .         Gourm    .     (helmet restricted)
rElec  .         Spirit   .     m - +0 cloak
rCorr  .         Warding  .     (no gloves)
rMut   .         Stasis   .     (no boots)
MR     .....                    (no amulet)
Stlth  ..........               (no ring)
                                (no ring)

@: drained, not resistant to hostile enchantments, extremely unstealthy
A: retaliatory headbutt, horns 2
a: no special abilities


You were on level 2 of the Dungeon.
You were hungry.

You visited 1 branch of the dungeon, and saw 3 of its levels.

You collected 51 gold pieces.

Inventory:

Hand weapons
 a - a +0 flail
 f - a cursed -1 mace (weapon)
Armour
 c - a +0 shield (worn)
 j - a +0 chain mail (worn)
 m - a +0 cloak (worn)
Scrolls
 g - a scroll of recharging
 l - a scroll of random uselessness
 n - a scroll of enchant armour {unknown}
Potions
 b - a potion of brilliance {unknown}
 d - a potion of might
 h - 2 potions of resistance
 k - a potion of degeneration {unknown}
Comestibles
 e - a bread ration
 i - 2 beef jerkies


   Skills:
 + Level 4.1(3.7) Fighting
 + Level 2.8(2.5) Maces & Flails
 + Level 4.4(4.0) Armour
 + Level 0.7(0.4) Dodging
 + Level 4.8(4.4) Shields


You had 3 spell levels left.
You didn't know any spells.

Dungeon Overview and Level Annotations

Branches:
Dungeon (3/15)

Altars:


Innate Abilities, Weirdness & Mutations

You reflexively headbutt those who attack you in melee.
You have a pair of horns on your head.


Message History

The wight hits you with a dire flail of freezing!
You feel drained.
* * * LOW HITPOINT WARNING * * *
The wight freezes you.
* * * LOW HITPOINT WARNING * * *
You climb upwards.
There is a stone staircase leading down here.
You hit the wight. You headbutt the wight!
The wight is moderately damaged.
You block the wight's attack.
You closely miss the wight. Your headbutt misses the wight.
The wight is moderately damaged.
The wight hits you with a dire flail of freezing.
* * * LOW HITPOINT WARNING * * *
The wight freezes you.
* * * LOW HITPOINT WARNING * * *
You closely miss the wight. You headbutt the wight!
The wight is severely damaged.
The wight hits you with a dire flail of freezing.
You die...

#.#.###.#####.#.# #.#.
#.....#.....#.#.######...
###.#.#####.#.#.......###
#...#.......#.#..........
#.##......###.#.#####.##.
#........)......# #.##.
####......#####)#####.##.
############......#
#.........<
ยง...............@z#
#.#.######.
##########.#......#
#.#.##..... # #.####.###
#.#....#### ######## #.#
#.# #.#######.# .......#
#.# #.# #####.### #..
.#####.# #.# #.#
#.......# #.# ..# #.# #.#
#.# #.......# #.# #.##
#.# #.# #.###.......# #.#
#..# #.# #.#
#...'.......# #.#


You could see a wight.

Vanquished Creatures
  Ijyb (D:2)
  2 worms (D:3)
  3 giant geckos
  7 bats
  2 giant cockroaches
  4 goblins
  4 hobgoblins
  4 giant newts
  9 kobolds
  9 rats
45 creatures vanquished.

Notes
Turn   | Place    | Note
--------------------------------------------------------------
     0 | D:1      | karlkraus the Minotaur Fighter began the quest for the Orb.
     0 | D:1      | Reached XP level 1. HP: 19/19 MP: 0/0
    81 | D:1      | Reached skill level 4 in Shields
    92 | D:1      | Reached XP level 2. HP: 21/26 MP: 1/1
   470 | D:1      | Reached XP level 3. HP: 33/33 MP: 2/2
  1156 | D:2      | Noticed Ijyb
  1168 | D:2      | Killed Ijyb
  1168 | D:2      | Reached XP level 4. HP: 38/40 MP: 3/3
  1318 | D:2      | Slain by a wight

Vault maps used:
D:1:      lightli_molten_gateway
D:2:      uniq_iyjb
D:3:      grunt_temple_overflow_order_and_chaos_2,
          nicolae_qazlal_general_emergency, first_bread

Action                   |  1- 3 |  4- 6 || total
-------------------------+-------+-------++-------
Melee: Mace              |    98 |    30 ||   128
       Flail             |     7 |       ||     7
  Use: Scroll            |     3 |     1 ||     4
  Eat: Chunk             |       |     1 ||     1
